 Dungeon Crawl Stone Soup version 0.17-a0-1880-gacf7e67 (webtiles) character file.

3919 barthelm the Protected (level 10, 10/64 HPs)
             Began as a Gargoyle Berserker on Sept 21, 2015.
             Was an Elder of Trog.
             Starved to death
             ... on level 8 of the Dungeon.
             The game lasted 00:41:05 (6445 turns).

barthelm the Protected (Gargoyle Berserker)         Turns: 6445, Time: 00:41:06

Health: 10/64      AC: 20    Str: 32    XL:     10   Next: 20%
Magic:  10/10      EV: 11    Int:  8    God:    Trog [****..]
Gold:   835        SH:  0    Dex:  9    Spells: 0 memorised, 9 levels left

rFire  . . .     SeeInvis .     a - +0 mace
rCold  . . .     Clarity  .     v - +2 chain mail {MR+}
rNeg   + . .     SustAt   .     (no shield)
rPois  ∞         Gourm    +     (no helmet)
rElec  +         Spirit   .     (no cloak)
rCorr  .         Warding  .     (no gloves)
rMut   .         Stasis   .     (no boots)
MR     +....                    u - amulet of the gourmand
Stlth  ..........               G - +3 ring of strength
                                n - +5 ring of strength

@: exhausted, fainting, slowed, very slow, somewhat resistant to hostile
enchantments, extremely unstealthy
A: negative energy resistance 1, electricity resistance, unbreathing,
petrification resistance, rot immunity, AC +7
a: Burn Spellbooks, Berserk, Trog's Hand, Brothers in Arms, Renounce Religion


You were on level 8 of the Dungeon.
You worshipped Trog.
Trog was greatly pleased with you.
You were fainting.

You visited 1 branch of the dungeon, and saw 8 of its levels.
You also visited: Sewer and Ossuary.

You collected 835 gold pieces.

Inventory:

Hand weapons
 a - a +0 mace (weapon)
 C - a +2 dire flail of holy wrath
Missiles
 x - 3 tomahawks (quivered)
Armour
 b - a +0 animal skin
 v - a +2 chain mail of magic resistance (worn)
Rods
 H - a +1 lightning rod (9/9)
   (You found it on level 6 of the Dungeon)
Jewellery
 n - a +5 ring of strength (left hand)
 u - an amulet of the gourmand (around neck)
 G - a +3 ring of strength (right hand)
 I - a +5 ring of strength
Magical devices
 y - a wand of fire (13)
 J - a wand of teleportation (3)
Scrolls
 e - 3 scrolls of teleportation
 f - 2 scrolls of remove curse
 g - 3 scrolls of blinking
 h - a scroll of fog
 i - 4 scrolls of magic mapping
 j - a scroll of enchant armour {unknown}
 w - 4 scrolls of recharging
 z - a scroll of immolation {unknown}
 E - a scroll of summoning {unknown}
 L - 2 scrolls of amnesia {unknown}
Potions
 d - 3 potions of cancellation {unknown}
 k - a potion of mutation {unknown}
 m - 2 potions of degeneration {unknown}
 p - a potion of magic {unknown}
 r - 3 potions of flight {unknown}
 s - 2 potions of cure mutation {unknown}
 t - 3 potions of curing {unknown}
 A - 4 potions of haste {unknown}
 B - 3 potions of heal wounds {unknown}
 D - a potion of poison {unknown}
 F - a potion of experience {unknown}
 K - a potion of ambrosia {unknown}
Comestibles
 c - 4 bread rations
 l - 2 fruits
 o - 2 slices of pizza
 q - 4 meat rations


   Skills:
 + Level 8.1 Fighting
 + Level 8.4 Maces & Flails
 + Level 8.5 Armour
 + Level 5.8 Dodging
 - Level 0.2 Stealth


You had 9 spell levels left.
You didn't know any spells.

Dungeon Overview and Level Annotations

Branches:
Dungeon (8/15)             Temple (0/1) D:5
   Lair: D:8-11

Altars:
Cheibriados
Elyvilon
Makhleb
Nemelex Xobeh
Qazlal
Sif Muna
Trog
Vehumet
Xom
Yredelemnul
Zin
The Shining One

Shops:
D:8 %

Annotations:
D:8 Grum


Innate Abilities, Weirdness & Mutations

You are resistant to torment.
Your stone body is resilient (AC +7).
You are immune to poison.
You resist negative energy.
You are resistant to electric shocks.
You can survive without breathing.
You are immune to petrification.
You are immune to rotting.


Message History

Press: ? - help, v - describe, . - travel
Here: a hungry ghost (almost destroyed)
The floor.
You closely miss the hungry ghost.
The hungry ghost is almost destroyed.
The giant gecko skeleton bites you but does no damage.
The hungry ghost closely misses you.
The giant gecko skeleton barely misses you.
You thump the hungry ghost!
You destroy the hungry ghost!
The giant gecko skeleton misses you.
Press: ? - help, v - describe, . - travel
Here: a giant gecko skeleton The floor.
You hit the giant gecko skeleton. The giant gecko skeleton misses you.
The giant gecko skeleton closely misses you.
You hit the giant gecko skeleton.
You destroy the giant gecko skeleton!
You have starved to death.
You die...

# #... #####.##
#..#####.# h()....#
#..#...#.# ####⌠.⌠#.
#..#.#.#.# .....∩...#
#..#.#.#.# ....⌠.⌠###
#..#.#.#.# ..g....# #
#..#.#.#.#
.....h.###.#..#.#.#.#
..............#.@...#
.......##.....#####$#.#
.......##...(.Z.).....#
.......##....######.###
#.... #.# ##.#. #.#
#.#. #.# #.#W #.# #.
#.#


There were no monsters in sight!

Vanquished Creatures
  Pikel (D:4)
  Sigmund (D:4)
  A hungry ghost (D:8)
  A phantom (D:7)
  A sky beast (D:6)
  3 ogres
  3 centaurs
  10 big kobolds
  4 giant frogs
  A wyvern zombie (D:8)
  4 killer bees (D:8)
  2 scorpions
  A crimson imp (D:6)
  A giant frog skeleton (D:6)
  A centaur zombie (Ossuary)
  5 orc priests
  A centaur skeleton (D:7)
  6 orc wizards
  4 worker ants
  2 iguanas
  A big kobold zombie (Ossuary)
  A hound zombie (D:6)
  2 mummies (Ossuary)
  A worker ant zombie (D:5)
  12 adders
  5 gnolls
  5 river rats
  2 oozes (Sewer)
  An adder skeleton (D:6)
  2 worms
  3 giant geckos
  15 orcs
  16 ball pythons
  A gnoll zombie (Ossuary)
  8 hobgoblins
  7 bats
  4 giant cockroaches
  A giant cockroach zombie (D:6)
  A giant gecko skeleton (D:8)
  A giant gecko zombie (D:6)
  11 giant newts
  8 goblins
  5 goblin zombies (Ossuary)
  3 hobgoblin zombies (Ossuary)
  3 jackals (D:5)
  40 kobolds
  3 orc zombies (Ossuary)
  4 quokkas
  A quokka skeleton (D:4)
  40 rats
260 creatures vanquished.

Vanquished Creatures (collateral kills)
  Duvessa (D:6)
  An ogre (D:8)
  A giant frog (Sewer)
  Dowan (D:6)
  A killer bee (D:8)
  2 adders (Sewer)
7 creatures vanquished.

Vanquished Creatures (others)
  A worker ant (D:4)
  2 adders (D:4)
  A worm (D:4)
  An adder skeleton (D:4)
  An orc (D:4)
  3 kobolds (D:4)
9 creatures vanquished.

Grand Total: 276 creatures vanquished

Notes
Turn   | Place    | Note
--------------------------------------------------------------
     0 | D:1      | barthelm the Gargoyle Berserker began the quest for the Orb.
     0 | D:1      | Reached XP level 1. HP: 14/14 MP: 1/1
   305 | D:1      | Reached XP level 2. HP: 16/19 MP: 2/2
   773 | D:2      | Reached skill level 4 in Fighting
   773 | D:2      | Reached XP level 3. HP: 20/24 MP: 3/3
   839 | D:2      | Acquired Trog's second power
  1039 | D:2      | Reached XP level 4. HP: 27/29 MP: 4/4
  1473 | D:3      | Reached XP level 5. HP: 34/34 MP: 5/5
  1630 | D:3      | Reached XP level 6. HP: 21/39 MP: 6/6
  2059 | D:4      | Noticed Pikel
  2084 | D:4      | Killed Pikel
  2084 | D:4      | Reached skill level 5 in Fighting
  2084 | D:4      | Reached skill level 5 in Maces & Flails
  2084 | D:4      | Reached skill level 5 in Armour
  2084 | D:4      | Reached XP level 7. HP: 18/44 MP: 7/7
  2131 | D:4      | Reached XP level 8. HP: 22/51 MP: 8/8
  2164 | D:4      | Found a deep blue altar of Sif Muna.
  2244 | D:4      | Noticed Sigmund
  2258 | D:4      | Killed Sigmund
  2265 | D:4      | Found a sand-covered staircase.
  2270 | Ossuary  | Entered an ossuary
  2287 | Ossuary  | Reached skill level 6 in Armour
  2636 | D:4      | Acquired Trog's third power
  2902 | D:4      | Reached XP level 9. HP: 56/56 MP: 9/9
  3537 | D:5      | Entered Level 5 of the Dungeon
  3754 | D:5      | Reached skill level 7 in Fighting
  3782 | D:5      | Found a staircase to the Ecumenical Temple.
  3817 | D:5      | Found a basalt altar of Yredelemnul.
  3972 | D:5      | Found a glowing drain.
  4009 | D:5      | Reached skill level 5 in Dodging
  4033 | Sewer    | Entered a sewer
  4328 | Sewer    | Received a gift from Trog
  5276 | D:6      | Found a burning altar of Makhleb.
  5390 | D:6      | Noticed Dowan
  5391 | D:6      | Noticed Duvessa
  5396 | D:6      | Killed Duvessa
  5397 | D:6      | Killed Dowan
  5657 | D:7      | Found a white marble altar of Elyvilon.
  5674 | D:7      | Found a glowing golden altar of the Shining One.
  5679 | D:7      | Found a glowing silver altar of Zin.
  6073 | D:7      | Reached skill level 8 in Maces & Flails
  6073 | D:7      | Reached XP level 10. HP: 64/64 MP: 10/10
  6172 | D:7      | Found a shimmering altar of Xom.
  6173 | D:7      | Found a sparkling altar of Nemelex Xobeh.
  6173 | D:7      | Found a stormy altar of Qazlal.
  6173 | D:7      | Found a snail-covered altar of Cheibriados.
  6179 | D:7      | Found a bloodstained altar of Trog.
  6179 | D:7      | Found a radiant altar of Vehumet.
  6381 | D:8      | Found Cauhiw's Food Boutique.
  6390 | D:8      | Noticed Grum
  6445 | D:8      | Starved to death

Vault maps used:
D:1:      saegor_arrival_simple_a
D:2:      minmay_rat_gold_closets
D:3:      minmay_misc_feat_nine_boxes
D:4:      minmay_goblin_kobold_castle, lemuel_blue_sif_altar, enter_ossuary_3,
          first_bread, uniq_pikel, uniq_sigmund
D:5:      lemuel_crystal_altar, minmay_temple_entry_purple_smoke,
          portal_sewer_entry_c
D:6:      kennysheep_mini_moat, uniq_duvessa
D:7:      good_gods_mini_temple, minmay_overflow_temple_hex
D:8:      kennysheep_little_box, serial_shops, shop, shop_fountains,
          kennysheep_mini, nicolae_shop_behind_doors, uniq_grum
Sewer:    sewer_minmay_w
Ossuary:  minmay_ossuary_gauntlet

Action                   |  1- 3 |  4- 6 |  7- 9 | 10-12 || total
-------------------------+-------+-------+-------+-------++-------
Melee: Mace              |   127 |   110 |   839 |    76 ||  1152
Throw: Tomahawk          |       |       |     3 |       ||     3
Invok: Berserk           |       |     5 |    13 |     2 ||    20
       Burn Spellbooks   |       |     1 |     1 |       ||     2
       Brothers in Arms  |       |       |     2 |     2 ||     4
  Use: Scroll            |       |     5 |     6 |     1 ||    12
  Eat: Chunk             |     1 |     7 |    40 |       ||    48
       Fruit             |       |       |     1 |       ||     1
